 Dungeon Crawl Stone Soup version 0.20-a0-1040-gfd09691 (webtiles) character file.

38 Gorglomux the Grasshopper (level 3, -4/28 HPs)
             Began as a Formicid Warper on Apr 23, 2017.
             Slain by Natasha (6 damage)
             ... on level 2 of the Dungeon.
             The game lasted 00:02:18 (1095 turns).

Gorglomux the Grasshopper (Formicid Warper)         Turns: 1095, Time: 00:02:19

Health: -4/28      AC:  8    Str: 15    XL:     3   Next: 65%
Magic:  6/6        EV:  7    Int: 12    God:
Gold:   73         SH:  0    Dex: 11    Spells: 7/7 levels left

rFire    . . .     SeeInvis +   a - +0 mace
rCold    . . .     Gourm    .   (no shield)
rNeg     . . .     Faith    .   h - +0 chain mail
rPois    .         Spirit   .   (helmet unavailable)
rElec    .         Reflect  .   (no cloak)
rCorr    .         Harm     .   (no gloves)
MR       .....                  (no boots)
Stlth    ..........             (no amulet)
Regen    0.1/turn               (no ring)
MPRegen  0.1/turn               (no ring)

@: no status effects
A: permanent stasis, dig shafts and tunnels, four strong arms, antennae 3
a: Dig, Shaft Self


You were on level 2 of the Dungeon.
You were not hungry.

You visited 1 branch of the dungeon, and saw 2 of its levels.

You collected 73 gold pieces.

Inventory:

Hand Weapons
 a - a +0 mace (weapon)
Missiles
 e - 5 tomahawks of dispersal {=f}
Armour
 b - a +0 leather armour
 h - a +0 chain mail (worn)
   (You found it on level 1 of the Dungeon)
Scrolls
 d - 2 scrolls of blinking {!r}
 g - 2 scrolls of teleportation {unknown}
 j - a scroll of amnesia {unknown}
 k - 3 scrolls of remove curse {unknown}
 o - a scroll of recharging {unknown}
 p - a scroll of noise {unknown}
 r - a scroll of enchant armour {unknown}
Potions
 i - a potion of haste {unknown}
 l - 2 potions of flight {unknown}
 n - a potion of brilliance {unknown}
 q - a potion of lignification {unknown}
Books
 c - a book of Spatial Translocations
Comestibles
 f - a bread ration {@e1@e1}
 m - 2 chunks of flesh {@w0@w0}


   Skills:
 - Level 2.4 Fighting
 + Level 2.4 Maces & Flails
 - Level 1.7 Throwing
 - Level 1.7 Armour
 - Level 2.0 Dodging
 - Level 2.5 Spellcasting
   Level 2.6 Translocations


You had 7 spell levels left.
You didn't know any spells.

Dungeon Overview and Level Annotations

Branches:
Dungeon (2/15)

Altars:

Annotations:
D:2 Natasha


Innate Abilities, Weirdness & Mutations

You cannot be hasted, slowed, berserked, paralysed or teleported.
You can dig through walls and to a lower floor.
Your four strong arms can wield two-handed weapons with a shield.
You have a pair of large antennae on your head. (SInv)


Message History

You hit the ball python.
You kill the ball python!
The bat barely misses you.
Unknown command.
The bat hits you but does no damage. The bat hits you but does no damage.
Unknown command.
You hit the bat.
You kill the bat!
Unknown command.
No target in view!
No target in view!
You see here a ball python corpse.
You butcher the ball python corpse.
m - 3 chunks of flesh {@w0@w0} (gained 2) Eating one of 3 chunks of flesh {@w0@w0}.
You eat one of the 3 chunks of flesh {@w0@w0}.
You now have 73 gold pieces (gained 6).
q - a murky orange potion
r - a scroll labeled PIYTRE GUSEI You sense a monster nearby.
No target in view!
No target in view!
You sense a monster nearby.
No target in view!
A frilled lizard and Natasha come into view.
Natasha hisses angrily.
The frilled lizard hisses angrily.
The frilled lizard unfolds its giant frill.
You extend your mandibles.
You dig through the rock wall.
Found a stone staircase leading down.
You dig through the rock wall.
Natasha mumbles some strange words.
You feel troubled.
The frilled lizard bites you but does no damage.
You dig through the rock wall.
Natasha mumbles some strange words.
You dig through the rock wall.
You retract your mandibles.
You barely miss the frilled lizard.
The frilled lizard bites you but does no damage.
You closely miss the frilled lizard.
The frilled lizard bites you but does no damage.
You extend your mandibles.
You dig through the rock wall.
The frilled lizard closely misses you.
You retract your mandibles.
You completely miss the frilled lizard.
The frilled lizard bites you but does no damage.
You miss the frilled lizard. The frilled lizard barely misses you.
You completely miss the frilled lizard. The frilled lizard barely misses you.
The frilled lizard bites you but does no damage.
Unknown command.
You sock the frilled lizard!
You kill the frilled lizard!
You hit Natasha. Natasha claws you. Natasha barely misses you.
You take 3 damage, and have 25/28 hp.
You barely miss Natasha. Natasha closely misses you.
You hit Natasha. Natasha claws you.
You take 1 damage, and have 24/28 hp.
You miss Natasha. Natasha claws you.
You take 5 damage, and have 19/28 hp.
Your chain mail prevents you from hitting Natasha.
Natasha claws you but does no damage. Natasha claws you.
You take 2 damage, and have 17/28 hp.
Your chain mail prevents you from hitting Natasha.
Natasha claws you.
You take 3 damage, and have 14/28 hp.
You are too injured to fight recklessly!
You are too injured to fight recklessly!
You are too injured to fight recklessly!
You are too injured to fight recklessly!
You are too injured to fight recklessly!
You are too injured to fight recklessly!
You are too injured to fight recklessly!
You are too injured to fight recklessly!
You are too injured to fight recklessly!
You are too injured to fight recklessly!
You are too injured to fight recklessly!
Unknown command.
You hit Natasha. Natasha claws you but does no damage.
You closely miss Natasha. Natasha claws you. Natasha barely misses you.
You take 2 damage, and have 13/28 hp.
You closely miss Natasha.
Natasha mumbles some strange words.
You closely miss Natasha. Natasha claws you!
* * * LOW HITPOINT WARNING * * *
You take 7 damage, and have 6/28 hp.
MASSIVE DAMAGE!!
You hit Natasha. Natasha claws you.
* * * LOW HITPOINT WARNING * * *
You take 2 damage, and have 4/28 hp.
You miss Natasha.
Natasha casts a spell.
Natasha casts a spell at you. The magic dart hits you!
* * * LOW HITPOINT WARNING * * *
Something shouts, "Slither hence, thou canting ruttish reprobate!"
You take 2 damage, and have 2/28 hp.
You hit Natasha. Natasha claws you but does no damage.
Unknown command.
Your chain mail prevents you from hitting Natasha.
Natasha claws you.
You die...

.... ##.
...# ...#
##.# .#..#
### .....
..#
###..###..#
#....>...#
#.##.####
#...#.#h##
###...{#@#
###{#####
#.....#
#####.#
##.# #..#
#.## #.#
#.#


You could see Natasha.

Vanquished Creatures
  An adder (D:1)
  A dart slug (D:1)
  A leopard gecko (D:1)
  3 bats
  A giant cockroach (D:2)
  3 goblins (D:1)
  4 hobgoblins (D:1)
  2 ball pythons
  2 frilled lizards
  3 kobolds (D:1)
  5 rats
26 creatures vanquished.

Notes
Turn   | Place    | Note
-------+----------+-------------------------------------------
     0 | D:1      | Gorglomux the Formicid Warper began the quest for the Orb.
     0 | D:1      | Reached XP level 1. HP: 16/16 MP: 3/3
   169 | D:1      | Reached XP level 2. HP: 20/22 MP: 5/5
   233 | D:1      | Reached skill level 2 in Dodging
   305 | D:1      | You fall through a shaft!
   629 | D:1      | Reached XP level 3. HP: 28/28 MP: 6/6
  1069 | D:2      | Noticed Natasha
  1091 | D:2      | HP: 6/28 [Natasha (7)]
  1093 | D:2      | HP: 2/28 [Natasha/magic dart (2)]
  1095 | D:2      | Slain by Natasha

Vault maps used:
D:1:      grunt_arrival_crossed_arrows
D:2:      uniq_terence, uniq_natasha

Skill      XL: |  1  2 |
---------------+-------+-----
Dodging        | 2 |  2.0
Fighting       | |  2.4
Maces & Flails | |  2.4
Throwing       | |  1.7
Armour         | |  1.7
Spellcasting   | |  2.5
Translocations | |  2.6

Action                   || total
-------------------------++-------
Melee: Mace              ||   112
 Abil: Dig               ||     2
  Eat: Chunk             ||     1
Armor: Leather armour    ||    12
       Chain mail        ||    44
Dodge: Dodged            ||    49

Vault maps used:
D:1:      grunt_arrival_crossed_arrows
D:2:      uniq_terence, uniq_natasha

Table legend:
 A = Turns spent in this place as a percentage of turns spent in the entire game.
 B = Non-inter-level travel turns spent in this place as a percentage of non-inter-level travel turns spent in the entire game.
 C = Inter-level travel turns spent in this place as a percentage of turns spent in this place.
 D = Turns resting spent in this place as a percentage of non-inter-level travel turns spent in this place.
 E = Turns spent auto-exploring this place as a percentage of non-inter-level travel turns spent in this place.
 F = Non-inter-level travel turns spent in this place divided by the number of levels of this place that you've seen.
                   A       B       C       D       E      F
               +-------+-------+-------+-------+-------+----------------------
         Total | 100.0 | 100.0 |   0.2 |   1.7 |  12.6 | 202.5
       Dungeon | 100.0 | 100.0 |   0.2 |   1.7 |  12.6 | 202.5
               +-------+-------+-------+-------+-------+----------------------

Table legend:
 A = Kills in this place as a percentage of kills in entire the game.
 B = Kills by you in this place as a percentage of kills by you in the entire game.
 C = Kills by friends in this place as a percentage of kills by friends in the entire game.
 D = Other kills in this place as a percentage of other kills in the entire game.
 E = Experience gained in this place as a percentage of experience gained in the entire game.
 F = Experience gained in this place divided by the number of levels of this place that you have seen.
                   A       B       C       D       E      F
               +-------+-------+-------+-------+-------+----------------------
         Total | 100.0 | 100.0 |  -nan |  -nan | 100.0 |  27.5
       Dungeon | 100.0 | 100.0 |  -nan |  -nan | 100.0 |  27.5
               +-------+-------+-------+-------+-------+----------------------
